AoeStats
← 鹿鳴

Black Forest

509848541Analyzed
4v4 RM · 5d ago on Sep 28, 2026· 39m 2s· 8 players
Game mode
Random Map
Map size
Large (8 player)
Population
200
Speed
Normal
Resources
Standard
Victory
Conquest
Starting age
Dark Age
Ending age
Imperial Age
RankedLock teamsTeams togetherTeam positionsShared explorationLock speedFull tech treeHidden civsTurbo modeCheats
Victory
Defeat
🇨🇳 Persians · China
1332
+14
🇺🇸 Teutons · United States
1301
+15
🇹🇼 Persians · Taiwan
1193
+20
🇮🇳 Britons · India
1167
+22
🇻🇳 Huns · Vietnam
1343
-20
🇨🇳 Danes · China
1334
-20
🇳🇵 Khitans · Nepal
1262
-17
🇹🇼 Bulgarians · Taiwan
1184
-14
Ky
11:31 Feudal Age
16:03 Castle Age
13:57 Horse Collar
15:38 Double-Bit Axe
18:05 Bow Saw
20:01 Wheelbarrow
21:17 Scale Barding Armor
21:22 Forging
26:26 Bloodlines
26:17 Husbandry
28:30 Loom
30:46 Chain Barding Armor
32:07 Hand Cart
33:59 Iron Casting
33:55 Gold Mining
34:09 Heavy Plow
37:23 Imperial Age
36:12 Marauders
37:38 Elite Tarkan
38:39 Conscription
Mazus
6:55 Loom
12:33 Feudal Age
10:49 Loom
14:12 Wheelbarrow
16:35 Castle Age
15:52 Fishing Lines
16:34 Double-Bit Axe
19:34 Wheelbarrow
19:30 Bow Saw
20:27 Horse Collar
22:36 Stone Mining
24:48 Hand Cart
25:44 Heavy Plow
26:09 Gold Mining
27:02 Fervor
28:38 Gold Shaft Mining
28:49 Gillnets
32:22 Imperial Age
30:27 Gambesons
30:42 Squires
30:28 Arson
31:02 Caravan
31:47 Town Watch
32:57 Bloodlines
32:48 Husbandry
32:39 Pikeman
33:20 Halberdier
34:22 Scale Mail Armor
34:32 Forging
35:48 Theocracy
GemGem27
0:27 Loom
12:01 Feudal Age
16:38 Castle Age
15:30 Domestication
16:06 Double-Bit Axe
17:26 Fletching
18:00 Pastoralism
19:30 Town Watch
23:12 Bow Saw
24:08 Stone Mining
24:08 Gold Mining
26:25 Bodkin Arrow
28:40 Gold Mining
31:46 Imperial Age
29:51 Bodkin Arrow
29:55 Heavy Cavalry Archer
31:24 Thumb Ring
32:06 Wheelbarrow
33:06 Parthian Tactics
32:43 Bracer
33:17 Padded Archer Armor
33:24 Husbandry
34:04 Conscription
34:24 Leather Archer Armor
36:38 Ordo Cavalry
37:56 Hand Cart
38:13 Masonry
微操大师蒋中正
10:28 Feudal Age
8:53 Loom
11:22 Double-Bit Axe
14:14 Man-at-Arms
31:47 Castle Age
30:47 Town Watch
31:19 Arson
33:08 Squires
33:20 Pikeman
恨海情天
0:27 Loom
12:15 Feudal Age
14:02 Double-Bit Axe
17:26 Castle Age
22:31 Horse Collar
24:57 Gold Mining
26:18 Ballistics
25:55 Fletching
26:50 Bow Saw
28:45 Wheelbarrow
28:36 Stone Mining
29:42 Yeomen
30:37 Bodkin Arrow
30:43 Padded Archer Armor
31:04 Heavy Plow
31:29 Hand Cart
31:00 Town Watch
34:56 Imperial Age
36:02 Leather Archer Armor
35:48 Bracer
36:56 Chemistry
35:32 Elite Longbowman
36:33 Conscription
38:43 Ring Archer Armor
virttuallG
0:50 Loom
11:19 Feudal Age
12:58 Fletching
25:05 Castle Age
31:28 Wheelbarrow
30:46 Double-Bit Axe
31:31 Horse Collar
31:48 Gold Mining
32:21 Bow Saw
38:22 Stone Mining
38:36 Heavy Plow
38:54 Hand Cart
41:36 Imperial Age
鹿鳴
10:44 Feudal Age
13:04 Loom
13:19 Double-Bit Axe
13:17 Horse Collar
16:58 Castle Age
16:15 Wheelbarrow
16:29 Town Watch
18:27 Bow Saw
18:20 Heavy Plow
25:24 Hand Cart
25:36 Town Watch
31:58 Imperial Age
32:10 Forging
32:06 Scale Barding Armor
32:06 Elite War Elephant
33:08 Conscription
33:45 Iron Casting
33:43 Crop Rotation
33:08 Gold Mining
33:12 Stone Mining
34:13 Chain Barding Armor
36:22 Blast Furnace
35:39 Bloodlines
35:30 Husbandry
36:27 Devotion
37:03 Caravan
38:35 Plate Barding Armor
魔兽难民
3:24 Loom
12:12 Feudal Age
16:29 Castle Age
14:56 Double-Bit Axe
15:30 Horse Collar
16:29 Wheelbarrow
16:15 Fishing Lines
18:32 Bow Saw
18:58 Gillnets
20:00 Heavy Plow
25:09 Gold Mining
25:47 Hand Cart
26:27 Scale Barding Armor
26:33 Forging
26:46 Stone Mining
27:32 Gold Shaft Mining
29:30 Imperial Age
29:32 Chain Barding Armor
29:48 Iron Casting
29:42 Bloodlines
29:33 Husbandry
28:54 Light Cavalry
29:56 Elite War Elephant
30:58 Conscription
31:05 Devotion
33:11 Plate Barding Armor
34:19 Blast Furnace
34:27 Masonry
34:20 Fletching
35:08 Hoardings
36:55 Faith
36:39 Hussar
39:43 Stone Shaft Mining
39:23 Guilds
Connection lost

Rejoining the realm…

Still unreachable

The connection could not be restored.

Session expired

The server has moved on; the page needs a fresh start.